 Dungeon Crawl Stone Soup version 0.32-a0-120-gfac0567ad4 (webtiles) character file.

Game seed: 1876613096562058346

153 Khashishi the Sneak (level 5, -3/27 (29) HPs)
             Began as a Vine Stalker Brigand on Feb 7, 2024.
             Slain by a wight
             ... wielding a +0 war axe
              (5 damage)
             ... on level 7 of the Dungeon.
             The game lasted 00:13:55 (1973 turns).

Khashishi the Sneak (Vine Stalker Brigand)          Turns: 1973, Time: 00:13:55

HP:   -3/27 (29)    AC:  6    Str: 13    XL:     5   Next: 35%
MP:   0/6           EV: 11    Int: 11    God:
Gold: 150           SH:  0    Dex: 18    Spells: 4/4 levels left

rFire   . . .        a - +2 dagger
rCold   . . .        (no shield)
rNeg    . . .        e - +2 animal skin
rPois   .            j - +0 helmet
rElec   .            c - +0 cloak
rCorr   .            (no gloves)
SInv    .            (no boots)
Will    .....        (no amulet)
Stlth   +++          (no ring)
HPRegen 1.04/turn    (no ring)
MPRegen 0.10/turn

%: guardian spirit
@: drained
A: fangs 2, regeneration 1, magic shield, antimagic bite, no potion heal 2
a: no special abilities


You were on level 7 of the Dungeon.
You visited 1 branch of the dungeon, and saw 5 of its levels.

You collected 150 gold pieces.

Inventory:

Hand Weapons
 a - a +2 dagger (weapon)
Missiles
 d - 6 poisoned darts (quivered)
 f - 2 boomerangs
Armour
 c - a +0 cloak (worn)
 e - a +2 animal skin (worn)
 j - a +0 helmet (worn)
Scrolls
 i - 2 scrolls of teleportation
 k - a scroll of vulnerability
 l - a scroll of butterflies {unknown}
 m - a scroll of revelation {unknown}
 n - a scroll of enchant weapon {unknown}
 o - a scroll of silence {unknown}
Potions
 b - a potion of heal wounds {unknown}
 h - 2 potions of curing {unknown}
 p - 2 potions of enlightenment


   Skills:
 + Level 3.6 Fighting
 + Level 3.6 Short Blades
 - Level 1.7 Throwing
 - Level 0.7 Dodging
 - Level 4.8 Stealth


You had 4 spell levels left.
You didn't know any spells.
Your spell library contained the following spells:

 Spells                   Type           Power      Damage    Failure   Level
 Malign Gateway           Summ/Tloc      0%         N/A       100%        7
 Summon Horrible Things   Summ           0%         N/A       100%        8


Dungeon Overview and Level Annotations

Branches:
Dungeon (4/15)
 Temple: D:4-7

Altars:

Annotations:
D:7 3 runed translucent doors


Innate Abilities, Weirdness & Mutations

You have extremely sharp teeth.
Your natural rate of healing is unusually fast.
When hurt, damage is shared between your health and your magic reserves.
Your bite disrupts and absorbs the magic of your enemies.
Potions cannot restore your health.


Message History

Found a murky pink potion.
As you read the scroll labelled SIMIRA QAPSURURES, it crumbles to dust.
It is a scroll of identify.
p - 2 potions of enlightenment
As you read the scroll of identify, it crumbles to dust.
k - a scroll of vulnerability
h - 2 murky pink potions (gained 1)
A killer bee and 3 wights come into view.
Found a runed translucent gate.
Found a stone staircase leading down.
The wight hits you but does no damage.
You hit the wight.
The wight is moderately damaged.
You hit the wight but do no damage. You bite the wight. You drain its power.
The wight is heavily damaged.
The wight hits you with a +0 war axe!
You feel drained.
You hit the wight but do no damage. You bite the wight. You drain its power.
You feel invigorated.
The wight is severely damaged.
The wight closely misses you.
You hit the wight but do no damage.
The wight is severely damaged.
The wight hits you with a +0 war axe!
You feel drained.
You hit the wight but do no damage.
The wight is severely damaged.
The wight barely misses you.
You hit the wight but do no damage. Your bite misses the wight.
The wight is severely damaged.
You hit the wight but do no damage. You punch the wight. You bite the wight.
You drain its power.
You feel invigorated.
The wight is almost destroyed.
The wight hits you with a +0 war axe!
You hit the wight but do no damage.
The wight is almost destroyed.
The wight hits you with a +0 war axe!
* * * LOW HITPOINT WARNING * * *
You hit the wight but do no damage. Your bite misses the wight.
The wight is almost destroyed.
The wight hits you with a +0 war axe.
You die...

### .>. #.# #.#
#.# #.# #.# #.#
..... ######@#
y...z #....z.#
.....###.#########
.......#.........#
.....z.#.........#
#....z.+.........#
#......#.........#
#.......##########
+.......#


You could see a wight.

Vanquished Creatures
  Terence (D:2)
  Natasha (D:2)
  Robin (D:1)
  2 adders (D:2)
  4 dart slugs
  An orc (D:3)
  4 ball pythons
  5 endoplasms
  4 giant cockroaches
  7 goblins
  10 hobgoblins
  4 bats
  2 frilled lizards (D:2)
  10 kobolds
  9 rats
65 creatures vanquished.

Notes
Turn   | Place    | Note
-------+----------+-------------------------------------------
     0 | D:1      | Khashishi the Vine Stalker Brigand began the quest for the
                  | Orb.
     0 | D:1      | Reached XP level 1. HP: 11/11 MP: 2/2
   138 | D:1      | Reached XP level 2. HP: 15/15 MP: 3/3
   219 | D:2      | Noticed Robin
   235 | D:1      | Killed Robin
   294 | D:1      | Reached XP level 3. HP: 19/19 MP: 4/4
  1032 | D:2      | Reached XP level 4. HP: 23/23 MP: 2/5
  1363 | D:3      | Found a faded altar of an unknown god.
  1502 | D:2      | Noticed Terence
  1521 | D:2      | Killed Terence
  1524 | D:2      | Reached XP level 5. HP: 25/28 MP: 3/6
  1601 | D:2      | Noticed Natasha
  1612 | D:2      | Killed Natasha
  1937 | D:4      | You fall into a shaft and drop 3 floors!
  1952 | D:7      | Found a runed translucent gate.
  1952 | D:7      | Found a runed translucent gate.
  1952 | D:7      | Found a runed translucent gate.
  1973 | D:7      | Slain by a wight

Illustrated notes

Levels and vault maps discovered:
D:1:      heliophobic_arrival_dark_side_of_the_moon, layout_loops_cross
D:2:      layout_loops_corners, uniq_robin, uniq_terence, uniq_natasha
D:3:      layout_loops_corners, shapermc_ecumenical_altar_totnotflames,
          kennysheep_crisscross, feat_on_display
D:4:      layout_cave_pools
D:7:      layout_basic, minmay_temple_entry_fiery, enter_ossuary_5,
          gammafunk_ghost_icy, lightli_corner_chamber

Skill      XL: |  1  2  3  4 |
---------------+-------------+-----
Fighting       | 2 3 |  3.6
Short Blades   | 2 3 |  3.6
Throwing       | |  1.7
Dodging        | |  0.7
Stealth        | |  4.8

Action                     |  1- 3 |  4- 6 || total
---------------------------+-------+-------++-------
  Melee: Dagger            |    55 |    70 ||   125
         Bite              |     6 |    22 ||    28
         Punch             |     2 |     4 ||     6
  Throw: Dart              |    28 |    21 ||    49
    Use: Scroll            |       |     3 ||     3
   Stab: Sleeping          |     9 |    13 ||    22
 Armour: Robe              |    10 |       ||    10
         Animal skin       |    19 |    23 ||    42
  Dodge: Dodged            |    21 |    19 ||    40

Table legend: (Time is in decaauts)
 A = Elapsed time spent in this place.
 B = Non-inter-level travel time spent in this place.
 C = Inter-level travel time spent in this place.
 D = Time resting spent in this place.
 E = Time spent auto-exploring this place.
 F = Levels seen in this place.
 G = Mean time per level.
                   A        B        C        D        E       F      G
               +--------+--------+--------+--------+--------+-----+--------+
         Total |   1952 |   1888 |     64 |      0 |    209 |   5 |  390.4 |
       Dungeon |   1952 |   1888 |     64 |      0 |    209 |   5 |  390.4 |
               +--------+--------+--------+--------+--------+-----+--------+

Top non-repeatable levels by time:
     D:2: 847 daAuts
     D:1: 716 daAuts
     D:3: 341 daAuts
     D:7: 34 daAuts
     D:4: 13 daAuts
